 Dungeon Crawl Stone Soup version 0.31-a0-799-g6bc09d010c (webtiles) character file.

Game seed: 8717769586854638348

178 Maratek the Caller (level 5, 0/28 HPs)
             Began as a Deep Elf Summoner on Sept 19, 2023.
             Slain by a hound (1 damage)
             ... on level 5 of the Dungeon.
             The game lasted 00:09:09 (2746 turns).

Maratek the Caller (Deep Elf Summoner)              Turns: 2746, Time: 00:09:09

Health: 0/28       AC:  4    Str:  5    XL:     5   Next: 32%
Magic:  11/15      EV: 12    Int: 22    God:
Gold:   97         SH:  0    Dex: 15    Spells: 9/15 levels left

rFire   . . .        (no weapon)
rCold   . . .        (no shield)
rNeg    . . .        a - +0 robe
rPois   .            (no helmet)
rElec   .            (no cloak)
rCorr   .            f - +0 pair of gloves
SInv    .            c - +0 pair of boots
Will    .....        b - amulet of magic regeneration
Stlth   ++           (no ring)
HPRegen 0.24/turn    (no ring)
MPRegen 0.54/turn

%: no passive effects
@: no status effects
A: no striking features
a: no special abilities


You were on level 5 of the Dungeon.
You visited 1 branch of the dungeon, and saw 5 of its levels.

You collected 97 gold pieces.

Inventory:

Missiles
 j - a throwing net
Armour
 a - a +0 robe (worn)
 c - a +0 pair of boots (worn)
 f - a +0 pair of gloves (worn)
Jewellery
 b - an amulet of magic regeneration (around neck)
Scrolls
 d - 2 scrolls of identify {unknown}
 e - a scroll of teleportation {unknown}
 g - a scroll of revelation {unknown}
 h - a scroll of fear {unknown}
 m - a scroll of immolation {unknown}
Potions
 i - a potion of heal wounds {unknown}
 k - a potion of enlightenment {unknown}
 l - 3 potions of curing {unknown}


   Skills:
 + Level 2.5 Dodging
 + Level 2.5 Stealth
 * Level 5.8 Spellcasting
 * Level 5.9 Summonings


You had 9 spell levels left.
You knew the following spells:

 Your Spells              Type           Power      Damage    Failure   Level
a - Summon Small Mammal   Summ           100%       N/A       1%          1
b - Call Imp              Summ           64%        N/A       1%          2
c - Call Canine Familiar  Summ           32%        N/A       2%          3

Your spell library contained the following spells:

 Spells                   Type           Power      Damage    Failure   Level
 Summon Guardian Golem    Hex/Summ       19%        N/A       9%          3
 Apportation              Tloc           12%        N/A       10%         1
 Necrotise                Necr           24%        1d5       10%         1
 Slow                     Hex            24%        N/A       10%         1
 Confusing Touch          Hex            6%         N/A       28%         3
 Sigil of Binding         Hex            6%         N/A       28%         3
 Vampiric Draining        Necr           6%         2d6       28%         3
 Summon Lightning Spire   Summ/Air       19%        N/A       28%         4


Dungeon Overview and Level Annotations

Branches:
Dungeon (5/15)
 Temple: D:4-7

Altars:
Okawaru
Yredelemnul
Zin


Message History

Found a leather armour.
There is a stone staircase leading up here.
Casting: Summon Small Mammal (safe; 1% risk of failure)
Confirm with . or Enter, or press ? or * to list all spells.
A tiny devil pulls itself out of the air.
The hobgoblin hits you. The hound bites you.
The ball python bites you but does no damage.
The ball python completely misses you.
Casting: Call Imp (safe; 1% risk of failure)
Confirm with . or Enter, or press ? or * to list all spells.
The hound bites you but does no damage.
The hobgoblin hits you but does no damage.
The ball python barely misses you. x2
Your cerulean imp hits the ball python but does no damage.
The hound closely misses you. The hobgoblin closely misses you.
The ball python bites you but does no damage.
The ball python grabs you. The ball python constricts you. The hound bites you.
Your hound bites the hobgoblin but does no damage.
Your cerulean imp hits the ball python with a -1 spear.
The ball python dies!
The hound misses you.
Your hound misses the hobgoblin. The hobgoblin closely misses you.
The hound bites you.
* * * LOW HITPOINT WARNING * * *
Your hound bites the hobgoblin.
The hobgoblin dies!
Your cerulean imp completely misses the hound.
The hound bites you but does no damage.
Your cerulean imp barely misses the hound.
The hound barely misses you.
Your hound closely misses the hound.
Your cerulean imp hits the hound but does no damage.
The hound bites you.
* * * LOW HITPOINT WARNING * * *
Your hound bites the hound.
The hound bites you.
* * * LOW HITPOINT WARNING * * *
Your hound bites the hound.
Your cerulean imp hits the hound but does no damage.
The hound bites you.
You die...

### #..##
....#..
##h......
#@h.[.#
##.......
5......
.......
.......
.......
.......
#......


You could see a hound (ally target), a friendly hound (summoned) and a friendly
cerulean imp (summoned).

Vanquished Creatures
  A frilled lizard (D:1)
1 creature vanquished.

Vanquished Creatures (collateral kills)
  8 gnolls
  4 adders
  2 worms (D:3)
  A dart slug (D:1)
  An orc (D:3)
  8 endoplasms
  5 giant cockroaches
  3 goblins
  4 hobgoblins
  2 quokkas
  5 ball pythons
  4 bats
  2 frilled lizards
  6 kobolds
  2 rats
57 creatures vanquished.

Grand Total: 58 creatures vanquished

Notes
Turn   | Place    | Note
-------+----------+-------------------------------------------
     0 | D:1      | Maratek the Deep Elf Summoner began the quest for the Orb.
     0 | D:1      | Reached XP level 1. HP: 10/10 MP: 6/6
   201 | D:1      | Found a faded altar of an unknown god.
   270 | D:1      | Reached XP level 2. HP: 15/15 MP: 5/8
   502 | D:1      | Learned a level 2 spell: Call Imp
   854 | D:2      | Reached skill level 5 in Summonings
   854 | D:2      | Reached XP level 3. HP: 19/19 MP: 7/10
  1132 | D:2      | Learned a level 3 spell: Call Canine Familiar
  1211 | D:2      | Reached skill level 5 in Spellcasting
  1211 | D:2      | Reached XP level 4. HP: 24/24 MP: 7/13
  1747 | D:3      | Reached XP level 5. HP: 28/28 MP: 10/15
  2006 | D:3      | Found an iron altar of Okawaru.
  2140 | D:3      | Found a basalt altar of Yredelemnul.
  2597 | D:3      | Found a glowing silver altar of Zin.
  2729 | D:4      | Noticed an ice beast
  2738 | D:5      | Entered Level 5 of the Dungeon
  2745 | D:5      | HP: 1/28 [hound (3)]
  2746 | D:5      | Slain by a hound

Illustrated notes

Levels and vault maps discovered:
D:1:      lemuel_arrival_lava_pool, layout_basic,
          shapermc_ecumenical_altar_starsandcircs, minmay_liquid_box
D:2:      layout_basic
D:3:      layout_loops_ring, general_overflow_altar,
          mainiacjoe_overflow_two_lobes
D:4:      layout_gridville, gup_sewer_entry_pipe, uniq_robin
D:5:      layout_cave_pools, nemelex_dance_club_becter, lemuel_round_altar,
          minivault_5, uniq_blork_the_orc, uniq_duvessa

Skill      XL: |  1  2  3 |
---------------+----------+-----
Spellcasting   | 4 5 |  5.8
Summonings     | 5 |  5.9
Dodging        | |  2.5
Stealth        | |  2.5

Action                     |  1- 3 |  4- 6 || total
---------------------------+-------+-------++-------
  Melee: Unarmed           |     3 |     3 ||     6
   Cast: Summon Small Mamm |    41 |    11 ||    52
         Call Imp          |    16 |    16 ||    32
         Call Canine Famil |     2 |    22 ||    24
    Use: Potion            |       |     1 ||     1
 Armour: Robe              |    15 |    51 ||    66
  Dodge: Dodged            |    13 |    43 ||    56

Table legend: (Time is in decaauts)
 A = Elapsed time spent in this place.
 B = Non-inter-level travel time spent in this place.
 C = Inter-level travel time spent in this place.
 D = Time resting spent in this place.
 E = Time spent auto-exploring this place.
 F = Levels seen in this place.
 G = Mean time per level.
                   A        B        C        D        E       F      G
               +--------+--------+--------+--------+--------+-----+--------+
         Total |   2746 |   2693 |     53 |    190 |   1848 |   5 |  549.2 |
       Dungeon |   2746 |   2693 |     53 |    190 |   1848 |   5 |  549.2 |
               +--------+--------+--------+--------+--------+-----+--------+

Top non-repeatable levels by time:
     D:3: 1143 daAuts
     D:2: 937 daAuts
     D:1: 649 daAuts
     D:4: 8 daAuts
     D:5: 7 daAuts
